 Dungeon Crawl Stone Soup version 0.30-a0-772-g5528072125 (webtiles) character file.

Game seed: 14669649262095436113

204165 juan097 the Sage (level 18, -12/157 HPs)
             Began as a Yellow Draconian Ice Elementalist on Feb 12, 2023.
             Was a High Priest of Sif Muna.
             Mangled by an emperor scorpion (16 damage)
             ... on level 4 of the Spider Nest on Feb 13, 2023.
             The game lasted 04:00:01 (55327 turns).

juan097 the Sage (DrIE)                            Turns: 55327, Time: 04:00:02

Health: -12/157    AC: 21    Str:  8 (12) XL:     18   Next: 0%
Magic:  10/32      EV: 14    Int: 16 (20) God:    Sif Muna [*****.]
Gold:   2127       SH:  5    Dex: 11 (14) Spells: 7/37 levels left

rFire   + . .      SeeInvis +    a - +2 short sword (venom)
rCold   . . .      Faith    +    k - +0 buckler
rNeg    . . .      Spirit   .    (body armour unavailable)
rPois   .          Reflect  .    Z - +2 hat
rElec   .          Harm     .    c - +2 cloak
rCorr   +          Rampage  .    y - +2 pair of gloves
Will    ++...                    r - +2 pair of boots
Stlth   ++++                     D - amulet of faith
HPRegen 0.46/turn                g - ring of protection from fire {=R}
MPRegen 0.23/turn                U - ring of the Townfolk {Will+ rCorr SInv}

@: lethally poisoned (-12 -> -60), slowed, studying Invocations, very slow
A: spit acid, AC +10, unfitting armour, acidic bite, cold-blooded, acid
resistance
}: 1/15 runes: decaying
a: Breathe Acid, Renounce Religion, Channel Magic, Forget Spell, Divine Exegesis


You were on level 4 of the Spider Nest.
You worshipped Sif Muna.
Sif Muna was extremely pleased with you.
You visited 5 branches of the dungeon, and saw 30 of its levels.

You collected 2803 gold pieces.
You spent 676 gold pieces at shops.

Inventory:

Hand Weapons
 a - a +2 short sword of venom (weapon)
 w - a +2 short sword of holy wrath
Missiles
 u - 10 javelins
 A - 15 poisoned darts (quivered)
 F - 19 boomerangs
 L - 3 curare-tipped darts
 Q - 4 throwing nets
Armour
 c - a +2 cloak (worn)
 k - a +0 buckler (worn)
 r - a +2 pair of boots (worn)
 y - a +2 pair of gloves (worn)
 Z - a +2 hat (worn)
Magical Staves
 b - a staff of cold
Jewellery
 g - a ring of protection from fire (left hand) {=R}
 D - an amulet of faith (around neck)
 P - a ring of flight
 S - a ring of ice
 U - the ring of the Townfolk (right hand) {Will+ rCorr SInv}
   (You found it on level 1 of the Lair of Beasts)

   [ring of see invisible]

   SInv:      It lets you see invisible.
   rCorr:     It protects you from acid and corrosion.
   Will:      It increases your willpower.
 Y - a +4 ring of protection
Wands
 E - a wand of mindburst (8)
 I - a wand of light (4)
 J - a wand of iceblast (35)
 K - a wand of paralysis (42)
 N - a wand of digging (11)
 T - a wand of flame (35)
Scrolls
 e - a scroll of poison
 h - a scroll of enchant weapon
 j - a scroll of magic mapping
 n - 10 scrolls of teleportation
 o - 4 scrolls of fear
 t - 2 scrolls of acquirement
 x - 6 scrolls of fog
 z - 3 scrolls of brand weapon
 G - a scroll of silence
 H - 6 scrolls of identify
 V - a scroll of butterflies
Potions
 d - 5 potions of curing
 f - 6 potions of haste
 i - a potion of magic
 l - 8 potions of berserk rage
 m - 8 potions of attraction
 q - 6 potions of brilliance
 s - 9 potions of heal wounds
 B - 2 potions of flight
 C - a potion of cancellation
 M - 6 potions of might
 R - 4 potions of invisibility
 X - 2 potions of ambrosia
Miscellaneous
 p - a box of beasts
 v - a phantom mirror


   Skills:
 + Level 13.2 Fighting
 - Level 13.0 Short Blades
 - Level 2.0 Throwing
 * Level 8.5 Dodging
 - Level 10.0 Stealth
 - Level 6.0 Shields
 - Level 10.0 Spellcasting
 - Level 8.0 Conjurations
 - Level 8.0 Summonings
 + Level 12.1 Ice Magic
 - Level 10.0 Air Magic
 - Level 4.0 Poison Magic
 + Level 14.3 Invocations
 + Level 6.4 Evocations


You had 7 spell levels left.
You knew the following spells:

 Your Spells              Type           Power      Damage    Failure   Level
b - Frozen Ramparts       Ice            94%        1d15      1%          3
c - Ozocubu's Armour      Ice            47%        N/A       1%          3
d - Summon Ice Beast      Ice/Summ       40%        N/A       1%          4
e - Summon Lightning Spi  Summ/Air       36%        N/A       2%          4
f - Freezing Cloud        Conj/Ice/Air   20%        6-21      5%          5
g - Mephitic Cloud        Conj/Pois/Air  31%        N/A       1%          3
h - Arcjolt               Conj/Air       18%        1d28      8%          5
i - Swiftness             Air            40%        N/A       1%          3

Your spell library contained the following spells:

 Spells                   Type           Power      Damage    Failure   Level
 Freeze                   Ice            100%       1d10      1%          1
 Magic Dart               Conj           100%       1d8       1%          1
 Shock                    Conj/Air       100%       1d9       1%          1
 Call Imp                 Summ           33%        N/A       1%          2
 Ensorcelled Hibernation  Hex/Ice        54%        N/A       1%          2
 Poisonous Vapours        Pois/Air       60%        N/A       1%          2
 Searing Ray              Conj           66%        2d6       1%          2
 Static Discharge         Conj/Air       72%        2-5/arc   1%          2
 Call Canine Familiar     Summ           33%        N/A       1%          3
 Hailstorm                Conj/Ice       40%        3d10      1%          3
 Airstrike                Air            20%        2d(3-19)  1%          4
 Foxfire                  Conj/Fire      80%        2x1d8     2%          1
 Kiss of Death            Conj/Necr      80%        2d11      2%          1
 Cigotuvi's Dreadful Rot  Necr/Pois/Air  44%        N/A       2%          2
 Momentum Strike          Conj/Tloc      40%        3d9       3%          2
 Vhi's Electric Charge    Tloc/Air       48%        N/A       4%          3
 Stone Arrow              Conj/Erth      40%        3d9       7%          3
 Summon Guardian Golem    Hex/Summ       20%        N/A       7%          3
 Lightning Bolt           Conj/Air       18%        1d32      8%          5
 Kindle Blastsparks       Fire/Tloc/Air  36%        2d13      9%          3
 Ice Form                 Ice/Tmut       27%        N/A       10%         4
 Necrotise                Necr           32%        1d5       12%         1
 Iskenderun's Battlesphe  Conj           33%        2d9       12%         5
 Spider Form              Tmut/Pois      14%        N/A       16%         3
 Sublimation of Blood     Necr           8%         N/A       17%         2
 Ignite Poison            Fire/Tmut/Pois 12%        N/A       21%         3
 Flame Wave               Conj/Fire      20%        2d7       22%         4
 Fulminant Prism          Conj/Hex       10%        3d9       22%         4
 Iskenderun's Mystic Bla  Conj/Tloc      20%        2d6       22%         4
 Olgreb's Toxic Radiance  Pois           20%        N/A       22%         4
 Sticky Flame             Conj/Fire      20%        2d4       22%         4
 Gell's Gravitas          Tloc           8%         N/A       34%         3
 Portal Projectile        Hex/Tloc       16%        N/A       34%         3
 Teleport Other           Tloc           8%         N/A       34%         3
 Tukima's Dance           Hex            8%         N/A       34%         3
 Vampiric Draining        Necr           8%         2d6       34%         3
 Silence                  Hex/Air        12%        N/A       38%         5
 Conjure Ball Lightning   Conj/Air       18%        3x3d6     41%         6
 Fireball                 Conj/Fire      10%        3d6       52%         5
 Irradiate                Conj/Tmut      10%        3d15      52%         5
 Summon Forest            Summ/Tloc      10%        N/A       52%         5
 Summon Mana Viper        Hex/Summ       20%        N/A       52%         5
 Summon Cactus Giant      Summ           16%        N/A       54%         6
 Ozocubu's Refrigeration  Ice            23%        4d12      54%         7
 Anguish                  Hex/Necr       4%         N/A       75%         4
 Cause Fear               Hex            4%         N/A       75%         4
 Dispel Undead            Necr           8%         3d8       75%         4
 Leda's Liquefaction      Hex/Erth       4%         N/A       75%         4
 Passage of Golubria      Tloc           8%         N/A       75%         4
 Petrify                  Tmut/Erth      8%         N/A       75%         4
 Simulacrum               Ice/Necr       13%        N/A       82%         6
 Agony                    Necr           8%         N/A       97%         5
 Blade Hands              Tmut           4%         N/A       97%         5
 Lee's Rapid Deconstruct  Erth           4%         3d5*      97%         5
 Yara's Violent Unravell  Hex/Tmut       4%         3d4       97%         5
 Iron Shot                Conj/Erth      10%        9d3       98%         6
 Starburst                Conj/Fire      10%        6d5       98%         6
 Orb of Destruction       Conj           16%        9d7       98%         7
 Spellforged Servitor     Conj/Summ      16%        N/A       98%         7
 Summon Hydra             Summ           16%        N/A       98%         7
 Dispersal                Tloc           4%         N/A       100%        6
 Statue Form              Tmut/Erth      5%         N/A       100%        6
 Dragon Form              Tmut           4%         N/A       100%        7
 Enfeeble                 Hex            4%         N/A       100%        7
 Malign Gateway           Summ/Tloc      10%        N/A       100%        7
 Storm Form               Tmut/Air       12%        N/A       100%        7
 Borgnjor's Revivificati  Necr           4%         N/A       100%        8
 Lehudib's Crystal Spear  Conj/Erth      10%        10d4      100%        8
 Maxwell's Capacitive Co  Air            20%        ∞         100%        8
 Summon Horrible Things   Summ           16%        N/A       100%        8
 Chain Lightning          Conj/Air       18%        3d24      100%        9
 Fire Storm               Conj/Fire      10%        8d3       100%        9
 Polar Vortex             Ice            23%        N/A       100%        9
 Animate Armour           Summ/Erth      Unusable   N/A       N/A         4

Dungeon Overview and Level Annotations

Branches:
Dungeon (15/15)            Temple (0/1) D:7            Lair (5/5) D:8
  Swamp (4/4) Lair:3       Spider (4/4) Lair:2        Slime (0/5) Lair:5
    Orc (2/2) D:10            Elf (0/3) Orc:2        Vaults (0/5) D:14
 Depths (0/4) D:15

Altars:
Dithmenos
Elyvilon
Gozag
Kikubaaqudgha
Nemelex Xobeh
Okawaru
Sif Muna
Yredelemnul
Zin
Jiyva

Shops:
D:9 [   Orc:2 !![(=

Annotations:
D:12 1 runed translucent door, Rydoor's ghost, journeyman MfBe
Swamp:4 themarg's ghost, adept HOFi
Orc:2 1 runed translucent door, OTABOTABOTAB's ghost, journeyman DECj


Innate Abilities, Weirdness & Mutations

You can spit globs of acid.
Your golden yellow scales are hard. (AC +10)
You cannot fit into any form of body armour.
You have acidic saliva.
You are cold-blooded and may be slowed by cold attacks.
You are resistant to acid. (rCorr)


Message History

You block the emperor scorpion's attack.
The emperor scorpion claws you.
* * * LOW HITPOINT WARNING * * *
The emperor scorpion completely misses you.
The wall freezes the emperor scorpion but does no damage.
The emperor scorpion stings you.
* * * LOW HITPOINT WARNING * * *
You are poisoned.
The emperor scorpion poisons you! The emperor scorpion barely misses you.
You block the emperor scorpion's attack.
Your ice beast hits the emperor scorpion but does no damage.
Your lightning spire is engulfed in freezing vapours.
The wall freezes the emperor scorpion but does no damage.
The emperor scorpion barely misses you.
The emperor scorpion claws you but does no damage.
You block the emperor scorpion's attack.
The wall freezes the emperor scorpion but does no damage.
The emperor scorpion stings your ice beast!!
The emperor scorpion claws your ice beast.
The emperor scorpion claws your ice beast but does no damage.
Your ice beast hits the emperor scorpion but does no damage.
Your icy armour and frozen ramparts will break if you move.
Continue?
The emperor scorpion attacks as you move away!
The emperor scorpion stings you!!
* * * LOW HITPOINT WARNING * * *
You are more poisoned.
The emperor scorpion poisons you!
The emperor scorpion claws you but does no damage. x2
Your icy armour cracks and falls away as you move.
The frozen ramparts melt away as you move.
* * * LOW HITPOINT WARNING * * *
You feel extremely sick.
Your lightning spire is engulfed in freezing vapours.
The emperor scorpion is engulfed in freezing vapours.
The emperor scorpion stings your ice beast!!
Your ice beast dies!
Your ice beast disappears in a puff of smoke!
Your lightning spire is engulfed in freezing vapours.
The emperor scorpion stings you!
You die...

##### #~~~### ###
#####~..§^#######~~##
###~.~.†8.ss@..~#~~~.^^
#####~~....##§§##....~~~..#
~~~#†..~#^.##°§###...~##^##
~~~~..~#####§§§# ##...~#
##~...~# #§°## #~..^#
#....~## #☼§# ##~.~##
#~..### .§##[ ##~^~## ..~##
#!°. y! ####~^.# .~.# +!.^
... #..#~.~#


You could see 2 emperor scorpions and a friendly lightning spire (summoned).

Vanquished Creatures
  Saint Roka (Orc:2)
  Frances (Swamp:1)
  4 ghost moths
  Louise (Swamp:3)
  2 broodmothers
  4 eleionomae
  3 spark wasps
  3 bunyips
  A dire elephant (D:15)
  An entropy weaver (Spider:2)
  An entropy weaver (shapeshifter) (D:13)
  Josephine (Lair:3)
  A shambling mangrove (Swamp:3)
  Fannar (Orc:2)
  A spriggan air mage (Swamp:2)
  A jorogumo (Spider:4)
  27 hydras
  Harold (D:10)
  3 vault guards (D:14)
  A ghost crab (Swamp:2)
  An ogre mage (D:11)
  2 radroaches
  9 alligators
  3 catoblepae
  4 boulder beetles
  2 two-headed ogres
  5 centaur warriors
  A tengu warrior (D:14)
  5 death yaks (Lair:5)
  6 spriggans
  Sonja (D:12)
  2 orc high priests (Orc:2)
  2 spriggan berserkers
  A deep elf knight (D:14)
  Amaemon (D:11)
  2 sun moths
  4 skysharks
  3 pharaoh ants
  A sixfirhy (D:12)
  4 goliath frogs
  15 orb spiders
  A bog body (Swamp:3)
  12 swamp dragons
  3 spriggan druids
  A deep elf archer (D:14)
  12 steelbarb worms
  5 deep elf pyromancers
  8 orc knights
  4 ugly things
  16 wolf spiders
  5 manticores
  4 orc sorcerers
  8 cyclopes
  7 will-o-the-wisps
  7 moths of wrath
  A salamander (D:15)
  An elephant (Lair:4)
  4 black mambas
  13 cane toads
  4 torpor snails
  2 demonic crawlers (Spider:3)
  A komodo dragon (shapeshifter) (D:11)
  A rime drake (Lair:3)
  2 kobold demonologists
  6 komodo dragons
  A yaktaur (D:14)
  3 tengu conjurers (D:14)
  9 trolls
  A bloated husk (Swamp:4)
  A polar bear (Lair:3)
  6 tyrant leeches
  16 tarantellas
  A wind drake (shapeshifter) (D:11)
  23 blink frogs
  3 meliai (Spider:1)
  14 hornets
  Prince Ribbit (D:7)
  10 slime creatures
  22 jumping spiders
  3 shadows
  6 wraiths
  A water elemental (D:11)
  39 yaks
  6 wyverns
  19 culicivoras
  3 basilisks
  37 redbacks
  10 vampire mosquitoes
  Menkaure (D:6)
  2 acid dragons
  2 wargs (Orc:2)
  16 swamp worms
  2 two-headed ogre zombies (D:10)
  14 water moccasins
  Duvessa (D:7)
  24 orc warriors
  6 ice beasts
  5 swamp drakes
  2 black bears (D:6)
  2 sky beasts (D:6)
  4 ogres
  7 centaurs
  8 kobold brigands
  11 bullfrogs
  2 phantoms
  3 scorpions
  A necrophage (D:6)
  A hornet simulacrum (D:15)
  4 wights (D:10)
  Dowan (D:7)
  2 jellies
  8 killer bees (D:9)
  2 troll zombies (D:10)
  5 howler monkeys
  An electric eel (Spider:4)
  27 orc priests
  Crazy Yiuf (D:2)
  4 hounds
  4 iguanas
  28 orc wizards
  3 ogre zombies (D:10)
  3 gnolls (D:4)
  6 adders
  3 shadow imps (D:6)
  2 ufetubi (D:6)
  A worm (D:2)
  4 dart slugs
  83 orcs
  8 ball pythons
  6 bats
  5 endoplasms
  4 giant cockroaches
  4 hobgoblins
  2 jackals (D:5)
  41 kobolds
  2 quokkas
  3 frilled lizards
  3 goblins
  3 goblin skeletons (D:10)
  5 goblin zombies (D:10)
  2 orc skeletons (D:10)
  15 orc zombies (D:10)
  8 rats
913 creatures vanquished.

Vanquished Creatures (collateral kills)
  A thorn hunter (Swamp:4)
  An emperor scorpion (Spider:4)
  2 ghost moths
  An eleionoma (Swamp:2)
  2 bunyips
  Snorg (Orc:1)
  A shambling mangrove (Swamp:4)
  An entropy weaver (Spider:4)
  2 hydras
  A vault guard (D:14)
  A catoblepas (Lair:5)
  Erolcha (D:12)
  A centaur warrior (D:11)
  2 two-headed ogres
  A death yak (Lair:5)
  An orc high priest (Orc:2)
  A goliath frog (Swamp:1)
  2 swamp dragons (Swamp:1)
  A bog body (Swamp:1)
  A steelbarb worm (Spider:2)
  A lindwurm (Lair:5)
  A cyclops (D:11)
  3 oklob plants
  2 elephants (Lair:5)
  A black mamba (shapeshifter) (D:11)
  An orange demon (D:11)
  2 komodo dragons (Lair:5)
  A troll (Orc:2)
  A hornet (Swamp:4)
  2 tyrant leeches (Swamp:1)
  4 blink frogs
  2 slime creatures (D:12)
  A jumping spider (Spider:3)
  A culicivora (Spider:3)
  2 wraiths
  10 yaks
  2 basilisks (Lair:3)
  2 vampire mosquitoes
  2 redbacks (Spider:4)
  2 swamp drakes (Swamp:4)
  5 orc warriors
  2 howler monkeys (D:11)
  4 orc priests (Orc:2)
  2 orc wizards
  An ogre zombie (D:10)
  9 orcs
91 creatures vanquished.

Vanquished Creatures (others)
  3 bloated husks
  An orc wizard (D:11)
  45 foxfires
  24 fungi
  63 plants
136 creatures vanquished.

Grand Total: 1140 creatures vanquished

Notes
Turn   | Place    | Note
-------+----------+-------------------------------------------
     0 | D:1      | juan097 the Draconian Ice Elementalist began the quest for
                  | the Orb.
     0 | D:1      | Reached XP level 1. HP: 14/14 MP: 3/3
   281 | D:1      | Reached XP level 2. HP: 20/20 MP: 5/5
  1163 | D:1      | Reached XP level 3. HP: 22/26 MP: 1/6
  1485 | D:2      | Learned a level 3 spell: Frozen Ramparts
  1554 | D:2      | Found a runed translucent door.
  1555 | D:2      | Noticed Crazy Yiuf
  1993 | D:3      | Found a white marble altar of Elyvilon.
  2003 | D:3      | Reached XP level 4. HP: 33/33 MP: 0/7
  2283 | D:3      | Found a faded altar of an unknown god.
  2302 | D:3      | Prayed at the altar of an unknown god.
  2302 | D:3      | Became a worshipper of Sif Muna the Loreminder
  2302 | D:3      | Reached * piety under Sif Muna
  2402 | D:3      | Identified the +0 ring mail of the Pink Corner {Str+2}
  2717 | D:3      | Learned a level 3 spell: Ozocubu's Armour
  2855 | D:4      | Noticed a water moccasin
  2905 | D:4      | Killed a water moccasin
  2906 | D:4      | Reached skill level 5 in Ice Magic
  2906 | D:4      | Reached XP level 5. HP: 27/38 MP: 2/9
  3012 | D:4      | Noticed an ogre
  3024 | D:4      | Killed an ogre
  3025 | D:4      | Reached XP level 6. HP: 33/45 MP: 0/10
  3853 | D:4      | Reached ** piety under Sif Muna
  4156 | D:5      | Entered Level 5 of the Dungeon
  4234 | D:5      | Your scales start taking on a golden yellow colour.
  4234 | D:5      | Reached XP level 7. HP: 50/50 MP: 12/12
  4234 | D:5      | Gained mutation: You are resistant to acid. (rCorr) [Yellow
                  | Draconian growth]
  4287 | D:5      | Found a sparkling altar of Nemelex Xobeh.
  4579 | D:5      | Reached skill level 1 in Invocations
  4918 | D:5      | Reached skill level 2 in Invocations
  5076 | D:5      | Reached skill level 3 in Invocations
  5137 | D:5      | Reached skill level 4 in Invocations
  5283 | D:5      | Reached skill level 1 in Fighting
  5283 | D:5      | Reached skill level 1 in Short Blades
  5283 | D:5      | Reached XP level 8. HP: 59/59 MP: 11/14
  5906 | D:6      | Reached *** piety under Sif Muna
  5983 | D:6      | Noticed Menkaure
  6170 | D:6      | Found a transporter.
  6187 | D:6      | Found a transporter.
  6197 | D:6      | Noticed a kobold demonologist
  6492 | D:6      | Found an iron altar of Okawaru.
  7124 | D:7      | Reached XP level 9. HP: 72/72 MP: 3/15
  7382 | D:7      | Noticed Dowan
  7404 | D:7      | Killed Dowan
  7522 | D:7      | Reached skill level 5 in Fighting
  7522 | D:7      | Reached skill level 1 in Throwing
  7625 | D:7      | Noticed Prince Ribbit
  7640 | D:7      | Killed Prince Ribbit
  7776 | D:7      | Found a basalt altar of Yredelemnul.
  7776 | D:7      | Found an ancient bone altar of Kikubaaqudgha.
  7784 | D:7      | Found a faded altar of an unknown god.
  7786 | D:7      | Found a glowing silver altar of Zin.
  7788 | D:7      | Found an opulent altar of Gozag.
  8254 | D:7      | Found a staircase to the Ecumenical Temple.
  8294 | D:7      | Noticed Duvessa
  8302 | D:7      | Killed Duvessa
  8445 | D:8      | Learned a level 4 spell: Summon Ice Beast
  8549 | D:8      | Reached skill level 1 in Summonings
  8554 | D:8      | Reached skill level 5 in Invocations
  8554 | D:8      | Reached **** piety under Sif Muna
  8558 | D:8      | Reached skill level 5 in Short Blades
  8560 | D:8      | Reached XP level 10. HP: 78/83 MP: 6/17
  9094 | D:8      | Reached skill level 5 in Spellcasting
  9292 | D:8      | Found a staircase to the Lair.
  9732 | D:7      | Reached skill level 5 in Dodging
  9860 | D:6      | Killed Menkaure
 10191 | D:2      | Killed Crazy Yiuf
 10510 | D:9      | Found Useh's Armour Boutique.
 11068 | D:9      | Reached skill level 6 in Invocations
 11857 | D:9      | Reached ***** piety under Sif Muna
 11972 | D:9      | Upgraded the game from 0.30-a0-760-g5a9884bb7c to
                  | 0.30-a0-772-g5528072125
 11973 | D:10     | Entered Level 10 of the Dungeon
 12215 | D:10     | Received a gift from Sif Muna
 12403 | D:10     | Found a staircase to the Orcish Mines.
 12403 | D:10     | Noticed a two-headed ogre
 12715 | D:10     | Killed a two-headed ogre
 12716 | D:10     | Reached skill level 5 in Summonings
 12716 | D:10     | Reached XP level 11. HP: 76/92 MP: 10/20
 12998 | D:10     | Noticed Harold
 13052 | D:10     | Reached skill level 1 in Evocations
 13286 | D:10     | Killed Harold
 13498 | Lair:1   | Entered Level 1 of the Lair of Beasts
 13508 | Lair:1   | Noticed an oklob plant
 14403 | Lair:1   | Reached skill level 7 in Invocations
 14409 | Lair:1   | Received a gift from Sif Muna
 14811 | Lair:1   | Noticed an oklob plant
 14890 | Lair:1   | Killed an oklob plant
 14902 | Lair:1   | Killed an oklob plant
 14906 | Lair:1   | Identified the ring of the Townfolk {Will+ rCorr SInv}
 15082 | Lair:2   | Reached XP level 12. HP: 73/101 MP: 15/22
 15416 | Lair:2   | Found a hole to the Spider Nest.
 16405 | Lair:3   | Noticed Josephine
 17285 | Lair:3   | Reached skill level 8 in Invocations
 17764 | Lair:3   | Learned a level 4 spell: Summon Lightning Spire
 17939 | Lair:3   | Found a staircase to the Swamp.
 18132 | Lair:3   | Reached skill level 1 in Air Magic
 18196 | Lair:3   | Killed Josephine
 18197 | Lair:3   | Reached skill level 5 in Evocations
 18893 | Lair:4   | Reached XP level 13. HP: 111/111 MP: 24/24
 18936 | Lair:4   | Received a gift from Sif Muna
 18937 | Lair:4   | Got Ingagh's Tome of the Band {god gift}
 19450 | Lair:5   | Entered Level 5 of the Lair of Beasts
 19759 | Lair:5   | Reached skill level 10 in Ice Magic
 20673 | Lair:5   | Reached skill level 9 in Invocations
 20779 | Lair:5   | Reached skill level 5 in Air Magic
 20954 | Lair:5   | Received a gift from Sif Muna
 20955 | Lair:5   | Got Sif Muna's Elucidation of Attacks and Alteration {god
                  | gift}
 21338 | Lair:5   | Found a staircase to the Slime Pits.
 21339 | Lair:5   | Found a viscous altar of Jiyva.
 21404 | Lair:5   | Identified the +6 war axe "Zecw" {drain, Str+6 Int+3}
 21549 | Lair:5   | Reached skill level 10 in Fighting
 21551 | Lair:5   | HP: 3/113 [death yak (13)]
 22265 | Lair:5   | Reached skill level 10 in Short Blades
 23338 | Orc:1    | Entered Level 1 of the Orcish Mines
 23383 | Orc:1    | Noticed Snorg
 23471 | D:10     | Learned a level 5 spell: Freezing Cloud
 23475 | D:10     | Learned a level 3 spell: Mephitic Cloud
 23495 | Orc:1    | Killed Snorg
 23496 | Orc:1    | Gained mutation: You have acidic saliva. [Yellow Draconian
                  | growth]
 23496 | Orc:1    | Reached XP level 14. HP: 67/122 MP: 12/26
 23801 | Orc:1    | Reached skill level 1 in Conjurations
 23975 | Orc:2    | Entered Level 2 of the Orcish Mines
 24088 | Orc:2    | Found a runed translucent door.
 24093 | Orc:2    | Noticed OTABOTABOTAB's ghost (journeyman DECj)
 24222 | Orc:2    | Found Fuycabicw's Distillery.
 24255 | Orc:2    | Reached skill level 1 in Poison Magic
 24279 | Orc:2    | Received a gift from Sif Muna
 24486 | Orc:2    | Bought a potion of degeneration for 10 gold pieces
 24491 | Orc:2    | Bought 2 potions of invisibility for 160 gold pieces
 24491 | Orc:2    | Bought a potion of flight for 30 gold pieces
 24541 | Orc:2    | Found a staircase to the Elven Halls.
 25233 | Orc:2    | Found Menadis's Jewellery Emporium.
 25265 | Orc:2    | Received a gift from Sif Muna
 25266 | Orc:2    | Got Sif Muna's Compilation of Familiar Weather {god gift}
 25379 | Orc:2    | Noticed Saint Roka
 26027 | Orc:1    | Noticed Fannar
 26148 | Orc:2    | Found Xibbiv's Antique Armour Shoppe.
 26150 | Orc:2    | Found Dyah's Antique Weapon Emporium.
 26169 | Orc:2    | Bought a runed rapier for 196 gold pieces
 27046 | D:11     | Identified the +4 flail "Buvutuc" {flame, rN++}
 27262 | D:11     | Noticed Amaemon
 27310 | D:11     | Killed Amaemon
 27534 | D:11     | Identified the +3 quarterstaff "Yphyak" {pain, rC- Str+5}
 27947 | D:11     | Found the +7 great mace "Undeadhunter" {deathbane, rN+}
 28239 | D:12     | Noticed Erolcha
 28344 | D:12     | Reached skill level 5 in Conjurations
 28770 | D:12     | Killed Erolcha
 28961 | D:12     | Found a shadowy altar of Dithmenos.
 28965 | D:12     | Identified a scroll of acquirement
 29003 | D:12     | Noticed Sonja
 29008 | D:12     | Found a runed translucent door.
 29009 | D:12     | Killed Sonja
 29219 | D:12     | Found a runed translucent door.
 29219 | D:12     | Noticed Rydoor's ghost (journeyman MfBe)
 29382 | D:13     | Received a gift from Sif Muna
 29385 | D:13     | Got Sif Muna's Secrets of Unholy Rallying {god gift}
 29699 | D:13     | Reached ****** piety under Sif Muna
 30701 | D:14     | Reached XP level 15. HP: 121/130 MP: 23/27
 31102 | D:14     | Reached skill level 10 in Invocations
 31910 | D:14     | Found a gate to the Vaults.
 31962 | D:15     | Entered Level 15 of the Dungeon
 32271 | D:15     | Received a gift from Sif Muna
 32272 | D:15     | Got Sif Muna's Elucidation of Blasts {god gift}
 32657 | D:15     | Found a staircase to the Depths.
 32691 | D:15     | Reached skill level 5 in Stealth
 32691 | D:15     | Reached skill level 11 in Invocations
 33434 | Orc:2    | Killed Saint Roka
 33684 | Orc:2    | Found Emaitzoh's Distillery.
 33689 | Orc:2    | Bought a potion of haste for 110 gold pieces
 33736 | Orc:2    | Bought a potion of heal wounds for 50 gold pieces
 33760 | Orc:2    | Bought a potion of brilliance for 40 gold pieces
 33760 | Orc:2    | Bought a potion of brilliance for 40 gold pieces
 33760 | Orc:2    | Bought a potion of brilliance for 40 gold pieces
 33929 | Spider:1 | Entered Level 1 of the Spider Nest
 34231 | Spider:1 | Reached skill level 12 in Invocations
 36412 | Spider:2 | Received a gift from Sif Muna
 36438 | Spider:2 | Reached skill level 1 in Shields
 36587 | Spider:2 | Got Sif Muna's Book of Arcane Combat {god gift}
 37131 | Spider:2 | Reached XP level 16. HP: 44/139 MP: 15/28
 37368 | Spider:2 | You are sucked into a shaft and drop 1 floor!
 37754 | Spider:3 | Reached skill level 13 in Invocations
 39553 | Spider:2 | Reached skill level 5 in Shields
 42433 | Orc:2    | Learned a level 5 spell: Arcjolt
 42604 | Orc:2    | Killed Fannar
 42804 | Orc:1    | Received a gift from Sif Muna
 42809 | Orc:1    | Got Sif Muna's Directory of Chilled Relocation {god gift}
 43141 | Swamp:1  | Entered Level 1 of the Swamp
 43585 | Swamp:1  | Noticed Frances
 43960 | Swamp:1  | Killed Frances
 43961 | Swamp:1  | Reached skill level 14 in Invocations
 46462 | Swamp:2  | Received a gift from Sif Muna
 46708 | Swamp:2  | Got Sif Muna's Guide on Ruinous Gases {god gift}
 46714 | Swamp:2  | Learned a level 3 spell: Swiftness
 46817 | Swamp:2  | Found a shadowy altar of Dithmenos.
 47774 | Swamp:3  | Noticed Louise
 47793 | Swamp:3  | Killed Louise
 47883 | Swamp:3  | Reached skill level 10 in Stealth
 47883 | Swamp:3  | Reached XP level 17. HP: 124/140 MP: 11/29
 48852 | Swamp:4  | Entered Level 4 of the Swamp
 48852 | Swamp:4  | Found a runed translucent gate.
 48854 | Swamp:4  | Found a runed translucent gate.
 48876 | Swamp:4  | Noticed themarg's ghost (adept HOFi)
 48877 | Swamp:4  | Found a runed translucent gate.
 49496 | Swamp:4  | Reached skill level 10 in Air Magic
 49827 | Swamp:4  | Reached skill level 10 in Spellcasting
 50160 | Swamp:4  | Received a gift from Sif Muna
 50161 | Swamp:4  | Got Sif Muna's Handbook of Vehement Algor {god gift}
 50912 | Swamp:4  | Got a decaying rune of Zot
 51051 | Swamp:4  | Identified the +3 halberd of Ignis's Hope {heavy, rC+}
 51597 | Swamp:4  | Identified the +6 long sword "Pendulum" {heavy, rC+ Int+3}
 51938 | Spider:4 | Entered Level 4 of the Spider Nest
 53876 | Spider:4 | Received a gift from Sif Muna
 53877 | Spider:4 | Got Sif Muna's Antepenultimate Guide to Sorcery {god gift}
 55320 | Spider:4 | Reached XP level 18. HP: 119/157 MP: 12/32
 55327 | Spider:4 | HP: 4/157 [poisoned by an emperor scorpion]
 55327 | Spider:4 | Mangled by an emperor scorpion

Illustrated notes

Levels and vault maps discovered:
D:1:      lightli_arrival_chessboard, layout_loops_corners
D:2:      layout_basic, grunt_decor_arrowhead, uniq_crazy_yiuf_cottage
D:3:      minmay_angry_zag, layout_rooms, mainiacjoe_overflow_paths,
          ebering_ecumenical_altar_petrified
D:4:      layout_loops_corners
D:5:      layout_cave_pools, nemelex_xobeh_ov_fountains_minmay,
          minmay_fractal_squares_gapless_5
D:6:      gammafunk_wand_slinger, layout_basic, okawaru_gym_becter,
          uniq_menkaure
D:7:      layout_gridville, chequers_temple_overflow_minitemple,
          minmay_temple_entry_enclosed_plants, minmay_misc_feat_more_columns,
          uniq_duvessa, uniq_prince_ribbit1
D:8:      layout_loops_corners, lair_entry_dummy
D:9:      layout_layer_cave, serial_shops, nicolae_stop_n_shop_2,
          corner_web_ring
D:10:     layout_basic, zombieorc2_lemuel, uniq_harold
D:11:     minmay_cut_squares, layout_layer_cave, kennysheep_crisscross,
          uniq_amaemon
D:12:     cheibrodos_shockbox, layout_cave_pools, gammafunk_ghost_grave,
          nicolae_dithmenos_shadow_blocks, uniq_erolcha, uniq_sonja
D:13:     layout_roguey
D:14:     layout_roguey, grunt_vaults_entry_fortified, minmay_misc_feat_encased
D:15:     hangedman_depths_entry_try_elsewhere_first, layout_basic
Lair:1:   minmay_lair_oklob_chamber, layout_misc_corridors, grunt_megastairs_4,
          serial_bayou_shore_a
Lair:2:   layout_roguey, nicolae_spider_entry_orb_guardian, grunt_megastairs_5
Lair:3:   layout_chaotic_city, minmay_swamp_entry_wisps, serial_bayou_crossing,
          uniq_josephine
Lair:4:   layout_regular_city
Lair:5:   evilmike_catoblepas_cave, layout_hall_layers, slime_entry_1,
          grunt_megastairs_2
Swamp:1:  layout_falls_marsh, nicolae_swamp_very_dense_foliage,
          hangedman_swamp_diagram, swamp_pool1, uniq_frances
Swamp:2:  layout_basic_swamp, nicolae_swamp_godswood
Swamp:3:  layout_basic_swamp, serial_swamp_ruin, evilmike_swamp_ruin_rubble_2,
          evilmike_swamp_ruin_house_2, swamp_pool1, uniq_louise
Swamp:4:  swamp, layout_basic_swamp, gammafunk_ghost_hydra_chop,
          infiniplex_staircase_pool_2
Spider:1: layout_spider_delve, nicolae_spider_orb_run
Spider:2: layout_spider_delve, hangedman_spider_tarantella_strand
Spider:3: layout_chambers
Spider:4: spider_rune_water
Orc:1:    layout_caves, uniq_snorg, uniq_fannar
Orc:2:    grunt_orc_community_town_hall, layout_caves,
          grunt_orc_community_big_house_1, grunt_orc_community_big_house_2,
          grunt_orc_community_house_1, grunt_orc_community_house_2,
          grunt_orc_community_house_3, grunt_orc_community_house_1,
          gammafunk_ghost_grave, guppyfry_orc_lava_fort

Skill      XL: |  1  2  3  4  5  6  7  8  9 10 11 12 13 14 15 16 17 |
---------------+----------------------------------------------------+-----
Stealth        | 2 3 4 8 10 | 10.0
Dodging        | 2 3 4 6 7 8 |  8.5
Ice Magic      | 5 6 7 8 9 10 12 | 12.1
Spellcasting   | 3 4 6 7 8 10 | 10.0
Invocations    | 4 5 6 7 8 9 12 14 | 14.3
Fighting       | 1 4 6 7 8 9 10 11 12 13 | 13.2
Short Blades   | 1 4 5 6 7 8 10 11 12 13 | 13.0
Throwing       | 2 |  2.0
Summonings     | 1 5 6 7 8 |  8.0
Evocations     | 3 5 6 |  6.4
Air Magic      | 2 6 7 8 9 10 | 10.0
Conjurations   | 6 8 |  8.0
Poison Magic   | 3 4 |  4.0
Shields        | 3 6 |  6.0

Action                     |  1- 3 |  4- 6 |  7- 9 | 10-12 | 13-15 | 16-18 || total
---------------------------+-------+-------+-------+-------+-------+-------++-------
  Melee: Dagger            |    11 |    11 |       |       |       |       ||    22
         Tailslap          |     2 |     1 |    29 |   141 |   278 |   171 ||   622
         Short sword       |       |    10 |   159 |   645 |  1172 |   740 ||  2726
         Punch             |       |       |     2 |    11 |    19 |       ||    32
         Bite              |       |       |       |       |   142 |   141 ||   283
         Staff             |       |       |       |       |       |    36 ||    36
   Fire: Sling             |    33 |    51 |    60 |   129 |    76 |       ||   349
  Throw: Dart              |       |       |     7 |     8 |   106 |   143 ||   264
         Javelin           |       |       |       |     1 |       |       ||     1
         Throwing net      |       |       |       |       |     1 |     1 ||     2
         Boomerang         |       |       |       |       |       |     2 ||     2
   Cast: Freeze            |    40 |    19 |    35 |    10 |     5 |       ||   109
         Frozen Ramparts   |     5 |    18 |    39 |    98 |   158 |    55 ||   373
         Ozocubu's Armour  |       |     3 |    23 |    42 |    67 |    56 ||   191
         Summon Ice Beast  |       |       |     1 |    19 |    45 |    26 ||    91
         Summon Lightning  |       |       |       |       |    38 |    28 ||    66
         Mephitic Cloud    |       |       |       |       |    37 |     9 ||    46
         Freezing Cloud    |       |       |       |       |    32 |   216 ||   248
         Arcjolt           |       |       |       |       |       |     8 ||     8
         Swiftness         |       |       |       |       |       |     1 ||     1
 Invoke: Channel Magic     |       |       |       |     1 |     3 |     8 ||    12
Ability: Breathe Acid      |       |       |       |       |     7 |     4 ||    11
  Evoke: Wand              |       |       |       |     5 |     8 |    15 ||    28
         Box of beasts     |       |       |       |       |       |     2 ||     2
    Use: Scroll            |       |       |     8 |     9 |    11 |    12 ||    40
         Potion            |       |       |       |     1 |     4 |    18 ||    23
   Stab: Sleeping          |     5 |     3 |     6 |    10 |    16 |     4 ||    44
         Distracted        |     1 |       |       |       |     4 |     2 ||     7
         Paralysed         |       |       |       |     1 |       |       ||     1
         Confused          |       |       |       |       |    18 |     4 ||    22
         Invisible         |       |       |       |       |     4 |     3 ||     7
 Armour: Skin              |    13 |    21 |    76 |   178 |   412 |   574 ||  1274
  Dodge: Dodged            |    31 |    20 |   113 |   344 |   581 |   562 ||  1651
  Block: Buckler           |       |       |       |       |     7 |   214 ||   221

Table legend: (Time is in decaauts)
 A = Elapsed time spent in this place.
 B = Non-inter-level travel time spent in this place.
 C = Inter-level travel time spent in this place.
 D = Time resting spent in this place.
 E = Time spent auto-exploring this place.
 F = Levels seen in this place.
 G = Mean time per level.
                   A        B        C        D        E       F      G
               +--------+--------+--------+--------+--------+-----+--------+
         Total |  54588 |  50803 |   3785 |   2835 |  39170 |  30 | 1819.6 |
       Dungeon |  20949 |  19251 |   1698 |    275 |  15645 |  15 | 1396.6 |
          Lair |  10707 |   9594 |   1113 |   1404 |   6450 |   5 | 2141.4 |
         Swamp |   8164 |   7877 |    287 |    459 |   6231 |   4 | 2041.0 |
   Spider Nest |  10741 |  10322 |    419 |    268 |   8401 |   4 | 2685.2 |
  Orcish Mines |   4025 |   3759 |    266 |    429 |   2442 |   2 | 2012.5 |
               +--------+--------+--------+--------+--------+-----+--------+

Top non-repeatable levels by time:
Spider:4: 3060 daAuts
Spider:3: 2937 daAuts
  Lair:3: 2770 daAuts
 Swamp:4: 2723 daAuts
   Orc:2: 2686 daAuts
Spider:2: 2470 daAuts
Spider:1: 2273 daAuts
  Lair:4: 2217 daAuts
  Lair:5: 2216 daAuts
    D:11: 2109 daAuts
     D:6: 2088 daAuts
 Swamp:1: 1998 daAuts
  Lair:2: 1826 daAuts
 Swamp:3: 1766 daAuts
  Lair:1: 1676 daAuts
